 Dungeon Sprint DCSS version 0.18.1-8-gdd0e5ea (webtiles) character file.

11561 pipel the Eclecticist (level 11, -3/55 HPs)
             Began as a Deep Elf Necromancer on May 21, 2016.
             Was the Champion of Sif Muna.
             Killed from afar by an orc sorcerer (25 damage)
             ... with a bolt of fire
             ... in the Dungeon (Sprint IX: "|||||||||||||||||||||||||||||") on May 22, 2016.
             The game lasted 00:34:55 (2075 turns).

pipel the Eclecticist (Deep Elf Necromancer)        Turns: 2075, Time: 00:34:55

Health: -3/55      AC:  8    Str:  5    XL:     11   Next: 50%
Magic:  33/36      EV: 22    Int: 24    God:    Sif Muna [******]
Gold:   1659       SH:  0    Dex: 15    Spells: 13 memorised, 5 levels left

rFire  . . .     SeeInvis .     b - +2 rapier (elec)
rCold  . . .     Gourm    .     n - +0 robe
rNeg   . . .     Faith    .     (no shield)
rPois  .         Spirit   .     (no helmet)
rElec  .         Dismiss  .     D - +0 cloak
rCorr  .         Reflect  .     p - +0 pair of gloves
SustAt .         Harm     .     (no boots)
MR     +....     NoTele   +     (no amulet)
Stlth  +++.......               r - +2 ring of evasion
                                q - +2 ring of protection

@: regenerating, somewhat resistant to hostile enchantments, fairly stealthy
A: hooves 1, yellow scales 1, frail 1
a: Channel Energy, Forget Spell, Renounce Religion


You were in the Dungeon.
You worshipped Sif Muna.
Sif Muna was exalted by your worship.
You were very hungry.

You visited 1 branch You collected 1659 gold pieces.

Inventory:

Hand Weapons
 b - a +2 rapier of electrocution (weapon)
 d - a +4 quarterstaff of protection
 k - a +0 dagger
 F - a +3 scimitar of flaming
Armour
 n - a +0 robe (worn)
 p - a +0 pair of gloves (worn)
 D - a +0 cloak (worn)
Magical Staves
 a - an uncursed staff of energy
Jewellery
 q - a +2 ring of protection (left hand)
 r - a +2 ring of evasion (right hand)
Wands
 e - a wand of lightning (0/15)
Scrolls
 i - 2 scrolls of amnesia
 m - 3 scrolls of remove curse
 u - a scroll of fear
 v - a scroll of fog
 w - 4 scrolls of enchant armour
Potions
 f - 3 potions of curing
 g - a potion of magic
 j - 2 potions of heal wounds
 s - a potion of cure mutation
Books
 c - Usac's Volume of Supportive Bewitchment
   (Sif Muna gifted it to you in the Dungeon)

   Spells                             Type                      Level
   a - Summon Small Mammal            Summoning                    1
   b - Slow                           Hexes                        2
   c - Ensorcelled Hibernation        Hexes/Ice                    2
   d - Call Canine Familiar           Summoning                    3
   e - Haunt                          Necromancy/Summoning         7
   f - Malign Gateway                 Summoning/Translocation      7
 h - Sif Muna's Reference Book on Congealing Necromancy
   (Sif Muna gifted it to you in the Dungeon)

   Spells                             Type                      Level
   a - Corpse Rot                     Necromancy                   2
   b - Sublimation of Blood           Necromancy                   2
   c - Ozocubu's Armour               Charms/Ice                   3
   d - Agony                          Necromancy                   5
   e - Borgnjor's Revivification      Necromancy                   8
 o - a book of Necromancy

   Spells                             Type                      Level
   a - Pain                           Necromancy                   1
   b - Animate Skeleton               Necromancy                   1
   c - Vampiric Draining              Necromancy                   3
   d - Regeneration                   Charms/Necromancy            3
   e - Animate Dead                   Necromancy                   4
   f - Control Undead                 Necromancy                   4
 t - Emiqar's Handbook of Greatest Risks and Utility
   (You found it in the Dungeon)

   Spells                             Type                      Level
   a - Discord                        Hexes                        8
 x - Sif Muna's Hermeneutics, Part Four
   (Sif Muna gifted it to you in the Dungeon)

   Spells                             Type                      Level
   a - Iskenderun's Mystic Blast      Conjuration                  4
   b - Throw Icicle                   Conjuration/Ice              4
   c - Sticky Flame                   Conjuration/Fire             4
   d - Force Lance                    Conjuration/Translocation    4
   e - Ice Form                       Ice/Transmutation            4
   f - Petrify                        Transmutation/Earth          4
 y - a book of Enchantments

   Spells                             Type                      Level
   a - Cause Fear                     Hexes                        4
   b - Yara's Violent Unravelling     Hexes/Transmutation          5
   c - Silence                        Hexes/Air                    5
   d - Deflect Missiles               Charms/Air                   6
   e - Haste                          Charms                       6
   f - Discord                        Hexes                        8
 E - Sif Muna's Papyrus of Assistive Black Secrets
   (Sif Muna gifted it to you in the Dungeon)

   Spells                             Type                      Level
   a - Pain                           Necromancy                   1
   b - Spectral Weapon                Hexes/Charms                 3
   c - Death Channel                  Necromancy                   6
Comestibles
 l - 3 chunks of flesh
 z - a slice of pizza
 A - 40 fruits
 B - 12 bread rations
 C - 12 meat rations


   Skills:
 + Level 4.5 Fighting
 - Level 0.4 Short Blades
 - Level 2.0 Staves
 - Level 12.1 Dodging
 - Level 5.1 Stealth
 + Level 19.4 Spellcasting
 + Level 6.4 Conjurations
 + Level 3.6 Charms
 * Level 9.6 Summonings
 - Level 16.9 Necromancy
 - Level 5.9 Fire Magic
 - Level 9.7 Invocations
 + Level 3.6 Evocations


You had 5 spell levels left.
You knew the following spells:

 Your Spells              Type           Power        Failure   Level  Hunger
a - Animate Skeleton      Necr           N/A          0%          1    None
b - Ensorcelled Hibernat  Hex/Ice        ###...       3%          2    None
c - Control Undead        Necr           #######...   1%          4    None
d - Corpse Rot            Necr           N/A          0%          2    None
e - Sticky Flame          Conj/Fire      ######..     1%          4    None
f - Sublimation of Blood  Necr           #######...   0%          2    None
g - Iskenderun's Mystic   Conj           ######..     1%          4    None
h - Haunt                 Necr/Summ      ######....   10%         7    #####..
i - Death Channel         Necr           #######...   1%          6    ###....
p - Pain                  Necr           ####         0%          1    None
r - Regeneration          Chrm/Necr      ######....   1%          3    None
v - Vampiric Draining     Necr           #######...   0%          3    None
A - Animate Dead          Necr           N/A          1%          4    None


Dungeon Overview and Level Annotations

Branches:
Dungeon (1/1)

Altars:
Cheibriados
Dithmenos
Elyvilon
Fedhas
Gozag
Kikubaaqudgha
Makhleb
Nemelex Xobeh
Okawaru
Pakellas
Qazlal
Ru
Sif Muna
Trog
Vehumet
Xom
Yredelemnul
Zin
The Shining One
Beogh
Jiyva
Lugonu

Shops:
D ([[=


Innate Abilities, Weirdness & Mutations

You have large cloven feet.
You are partially covered in yellow scales (AC +2).
You are frail (-10% HP).


Message History

The orc sorcerer hits your phantasmal warrior but does no damage.
Your phantasmal warrior hits the orc sorcerer.
You now have 17/36 mp.
Casting: Haunt
Confirm with . or Enter, or press ? or * to list all spells.
You draw magical energy from your own body!
Your shadow wraith disappears in a puff of smoke!
Your phantasmal warrior disappears in a puff of smoke!
You take 27 damage, and have 16/55 hp.
MASSIVE DAMAGE!!
MP restored: 36
Casting: Sublimation of Blood
Confirm with . or Enter, or press ? or * to list all spells.
Aiming: Vampiric Draining
Press: ? - help, Shift-Dir - straight line, f/p - orc sorcerer
Aim: an orc sorcerer, wielding a dagger of draining and wearing a robe (purple smoke, heavily wounded, susceptible to magic)
The orc sorcerer is almost dead.
You feel life coursing into your body.
The orc sorcerer points at you and mumbles some strange words.
The bolt of fire hits you!
You die...

▓.▓.▓.▓'▓
▓)▓.▓.▓.▓.▓
▓$▓.▓'▓.▓.▓
▓§▓.▓.▓.▓.▓
▓∩▓.▓[▓.▓.▓
▓)▓.▓(▓Z▓)▓
▓W▓.▓)▓Z▓(▓
▓o▓.▓.▓Z▓(▓
▓@▓.▓.▓Z▓.▓
▓Z▓.▓.▓Z▓.▓
▓Z▓.▓.▓.▓[▓
▓Z▓.▓.▓.▓(▓
▓.▓.▓.▓.▓(▓
▓.▓.▓.▓.▓)▓
▓.▓.▓.▓.▓.▓
▓.▓.▓'▓.▓.▓
▓'▓.▓.▓.▓.▓


You could see an orc sorcerer, a friendly phantom, 2 friendly orc skeletons and
a friendly orc skeleton.

Vanquished Creatures
  2 hydras (D)
  Erica (D)
  2 orc sorcerers (D)
  An ugly thing (D)
  5 elephants (D)
  6 spiny frogs (D)
  A hippogriff (D)
  5 water moccasins (D)
  A porcupine (D)
  6 orc warriors (D)
  A sky beast (D)
  2 phantoms (D)
  2 centaurs (D)
  A wolf (D)
  An ogre (D)
  2 giant frogs (D)
  2 orc priests (D)
  2 hounds (D)
  6 orc wizards (D)
  2 worker ants (D)
  An iguana (D)
  A giant gecko (D)
  7 orcs (D)
  2 bat skeletons (D)
  A giant cockroach (D)
  A goblin (D)
  A kobold (D)
  A giant newt (D)
  A quokka skeleton (D)
  A rat (D)
68 creatures vanquished.

Vanquished Creatures (collateral kills)
  A stone giant (D)
  A dire elephant (D)
  4 orc high priests (D)
  An orc knight (D)
  An orc sorcerer (D)
  2 elephants (D)
  2 orc warriors (D)
  4 orcs (D)
16 creatures vanquished.

Vanquished Creatures (others)
  A spatial maelstrom (D)
  A kobold demonologist (D)
2 creatures vanquished.

Grand Total: 86 creatures vanquished

Notes
Turn   | Place    | Note
--------------------------------------------------------------
     0 | D        | pipel the Deep Elf Necromancer began the quest for the Orb.
     0 | D        | Reached XP level 1. HP: 10/10 MP: 6/6
     1 | D        | Banished a spatial maelstrom
     5 | D        | Learned a level 1 spell: Animate Skeleton
     6 | D        | Reached skill level 5 in Necromancy
   233 | D        | Noticed a phantom
   233 | D        | Noticed a phantom
   233 | D        | Noticed a worker ant
   233 | D        | Noticed an ogre
   249 | D        | Killed an ogre
   249 | D        | Reached skill level 5 in Spellcasting
   249 | D        | Reached XP level 2. HP: 8/15 MP: 1/10
   249 | D        | Reached XP level 3. HP: 10/19 MP: 1/12
   249 | D        | Reached XP level 4. HP: 13/24 MP: 1/13
   259 | D        | Reached skill level 6 in Spellcasting
   259 | D        | Reached skill level 10 in Necromancy
   277 | D        | Found a glowing silver altar of Zin.
   277 | D        | Found a glowing golden altar of the Shining One.
   277 | D        | Found an ancient bone altar of Kikubaaqudgha.
   277 | D        | Found a basalt altar of Yredelemnul.
   277 | D        | Found a shimmering altar of Xom.
   277 | D        | Found a radiant altar of Vehumet.
   278 | D        | Found an iron altar of Okawaru.
   279 | D        | Found a burning altar of Makhleb.
   281 | D        | Found a deep blue altar of Sif Muna.
   282 | D        | Found a bloodstained altar of Trog.
   283 | D        | Found a sparkling altar of Nemelex Xobeh.
   284 | D        | Found a white marble altar of Elyvilon.
   285 | D        | Found a roughly hewn altar of Beogh.
   286 | D        | Found a viscous altar of Jiyva.
   287 | D        | Found a corrupted altar of Lugonu.
   288 | D        | Found a blossoming altar of Fedhas.
   289 | D        | Became a worshipper of Sif Muna the Loreminder
   290 | D        | Found a snail-covered altar of Cheibriados.
   291 | D        | Found a shadowy altar of Dithmenos.
   292 | D        | Found a stormy altar of Qazlal.
   293 | D        | Found an opulent altar of Gozag.
   294 | D        | Found a sacrificial altar of Ru.
   295 | D        | Found an oddly glowing altar of Pakellas.
   336 | D        | Killed a phantom
   336 | D        | Reached * piety under Sif Muna
   336 | D        | Reached skill level 7 in Spellcasting
   336 | D        | Reached skill level 1 in Evocations
   336 | D        | Reached XP level 5. HP: 26/28 MP: 13/17
   360 | D        | Killed a phantom
   360 | D        | Reached ** piety under Sif Muna
   360 | D        | Reached skill level 1 in Fighting
   360 | D        | Reached skill level 5 in Dodging
   360 | D        | Reached skill level 5 in Stealth
   360 | D        | Reached skill level 8 in Spellcasting
   360 | D        | Reached XP level 6. HP: 22/34 MP: 19/19
   366 | D        | Learned a level 3 spell: Regeneration
   370 | D        | Learned a level 3 spell: Vampiric Draining
   375 | D        | Learned a level 4 spell: Animate Dead
   380 | D        | Learned a level 4 spell: Control Undead
   470 | D        | Noticed a sky beast
   476 | D        | Reached skill level 1 in Staves
   481 | D        | Killed a sky beast
   481 | D        | Reached skill level 9 in Spellcasting
   487 | D        | Reached *** piety under Sif Muna
   489 | D        | Reached skill level 10 in Spellcasting
   503 | D        | Noticed a purple ugly thing
   503 | D        | Noticed a kobold demonologist
   516 | D        | Killed a kobold demonologist
   516 | D        | Reached **** piety under Sif Muna
   516 | D        | Reached skill level 11 in Spellcasting
   516 | D        | Reached XP level 7. HP: 40/40 MP: 19/23
   523 | D        | Killed a purple ugly thing
   523 | D        | Reached skill level 12 in Spellcasting
   523 | D        | Reached skill level 1 in Charms
   528 | D        | Reached ***** piety under Sif Muna
   528 | D        | Reached XP level 8. HP: 30/45 MP: 9/26
   534 | D        | Gained mutation: You are partially covered in yellow scales (AC +2). [mutagenic meat]
   535 | D        | Gained mutation: You are frail (-10% HP). [mutagenic meat]
   536 | D        | Gained mutation: You have large cloven feet. [mutagenic meat]
   649 | D        | Identified Emiqar's Handbook of Greatest Risks and Utility (You found it in the Dungeon)
   661 | D        | Noticed a spiny frog
   661 | D        | Noticed a four-headed hydra
   661 | D        | Noticed a spiny frog
   662 | D        | Noticed a spiny frog
   689 | D        | Killed a four-headed hydra
   689 | D        | Reached ****** piety under Sif Muna
   689 | D        | Received a gift from Sif Muna
   689 | D        | Reached skill level 14 in Spellcasting
   689 | D        | Reached skill level 15 in Necromancy
   689 | D        | Reached skill level 1 in Invocations
   699 | D        | Killed a spiny frog
   699 | D        | Reached XP level 9. HP: 11/45 MP: 8/29
  1025 | D        | Killed a spiny frog
  1025 | D        | Reached skill level 15 in Spellcasting
  1037 | D        | Killed a spiny frog
  1037 | D        | Received a gift from Sif Muna
  1038 | D        | Identified Usac's Volume of Supportive Bewitchment (Sif Muna gifted it to you in the Dungeon)
  1082 | D        | Learned a level 2 spell: Ensorcelled Hibernation
  1094 | D        | Learned a level 7 spell: Haunt
  1105 | D        | Identified Sif Muna's Hermeneutics, Part Four (Sif Muna gifted it to you in the Dungeon)
  1128 | D        | Learned a level 4 spell: Sticky Flame
  1134 | D        | Noticed a spiny frog
  1134 | D        | Noticed a spiny frog
  1142 | D        | Reached skill level 1 in Summonings
  1146 | D        | Killed a spiny frog
  1146 | D        | Reached skill level 10 in Dodging
  1146 | D        | Reached skill level 16 in Spellcasting
  1146 | D        | Reached skill level 1 in Conjurations
  1146 | D        | Reached skill level 1 in Fire Magic
  1171 | D        | Killed a spiny frog
  1174 | D        | Received a gift from Sif Muna
  1184 | D        | Noticed a spiny frog
  1185 | D        | Noticed a five-headed hydra
  1213 | D        | Killed a five-headed hydra
  1213 | D        | Reached XP level 10. HP: 5/50 MP: 8/32
  1246 | D        | Killed a spiny frog
  1254 | D        | Reached skill level 5 in Invocations
  1305 | D        | Noticed an elephant
  1305 | D        | Noticed an elephant
  1305 | D        | Noticed an elephant
  1305 | D        | Noticed an elephant
  1305 | D        | Noticed an elephant
  1305 | D        | Noticed an elephant
  1307 | D        | Noticed a dire elephant
  1329 | D        | Killed an elephant
  1336 | D        | Killed an elephant
  1336 | D        | Received a gift from Sif Muna
  1336 | D        | Reached skill level 17 in Spellcasting
  1336 | D        | Reached skill level 5 in Fire Magic
  1337 | D        | Identified Sif Muna's Reference Book on Congealing Necromancy (Sif Muna gifted it to you in the Dungeon)
  1374 | D        | Killed an elephant
  1382 | D        | Killed an elephant
  1382 | D        | Reached skill level 5 in Conjurations
  1382 | D        | Reached skill level 5 in Summonings
  1431 | D        | Killed an elephant
  1467 | D        | Killed an elephant
  1488 | D        | Killed a dire elephant
  1510 | D        | Noticed an elephant
  1520 | D        | Killed an elephant
  1559 | D        | Learned a level 2 spell: Corpse Rot
  1562 | D        | Learned a level 2 spell: Sublimation of Blood
  1579 | D        | Noticed Erica
  1586 | D        | Learned a level 4 spell: Iskenderun's Mystic Blast
  1590 | D        | Killed Erica
  1590 | D        | Received a gift from Sif Muna
  1590 | D        | Reached XP level 11. HP: 55/55 MP: 16/34
  1591 | D        | Identified Sif Muna's Papyrus of Assistive Black Secrets (Sif Muna gifted it to you in the Dungeon)
  1599 | D        | Learned a level 6 spell: Death Channel
  1667 | D        | Reached skill level 18 in Spellcasting
  1683 | D        | Noticed a stone giant
  1734 | D        | Killed a stone giant
  1768 | D        | Noticed an orc high priest
  1774 | D        | Killed an orc high priest
  1882 | D        | Found Qidur's Jewellery Boutique.
  1882 | D        | Noticed an orc high priest
  1882 | D        | Noticed an orc sorcerer
  1882 | D        | Noticed an orc high priest
  1882 | D        | Noticed an orc knight
  1926 | D        | Killed an orc knight
  1958 | D        | Killed an orc high priest
  1964 | D        | Noticed an orc sorcerer
  1974 | D        | Noticed an orc sorcerer
  1978 | D        | Killed an orc sorcerer
  2011 | D        | Killed an orc sorcerer
  2011 | D        | Reached skill level 19 in Spellcasting
  2012 | D        | Killed an orc high priest
  2028 | D        | Killed an orc sorcerer
  2048 | D        | Found Vanod's Armour Shop.
  2052 | D        | Found Onuuloil's Armour Boutique.
  2056 | D        | Found Xuqil's Antique Weapon Shop.
  2061 | D        | Noticed an orc sorcerer
  2064 | D        | Noticed an orc high priest
  2072 | D        | Killed an orc high priest
  2075 | D        | Killed from afar by an orc sorcerer

Skill      XL: |  1  2  3  4  5  6  7  8  9 10 11 |
---------------+----------------------------------+-----
Necromancy     | 9 11 13 14 15 16 | 16.9
Dodging        | 3 4 5 7 8 9 10 11 12 | 12.1
Stealth        | 3 4 5 |  5.1
Spellcasting   | 5 7 8 11 12 14 16 17 19 | 19.4
Evocations     | 1 3 |  3.6
Fighting       | 1 2 3 4 |  4.5
Staves         | 1 2 |  2.0
Charms         | 1 2 3 |  3.6
Invocations    | 1 4 7 9 |  9.7
Summonings     | 3 6 9 |  9.6
Conjurations   | 3 6 |  6.4
Fire Magic     | 4 5 |  5.9
Short Blades   | |  0.4

Action                   |  1- 3 |  4- 6 |  7- 9 | 10-12 || total
-------------------------+-------+-------+-------+-------++-------
Melee: Dagger            |     1 |    13 |       |       ||    14
       Quarterstaff      |       |    23 |       |       ||    23
       Rapier            |       |     5 |    31 |    78 ||   114
       Kick              |       |       |     7 |    30 ||    37
       Staff             |       |       |       |     1 ||     1
 Cast: Pain              |    11 |    10 |    19 |     2 ||    42
       Animate Skeleton  |     3 |     1 |     5 |     9 ||    18
       Vampiric Draining |       |     4 |    45 |    33 ||    82
       Regeneration      |       |     1 |     6 |    13 ||    20
       Animate Dead      |       |       |     4 |     3 ||     7
       Sticky Flame      |       |       |     2 |     5 ||     7
       Haunt             |       |       |       |    35 ||    35
       Iskenderun's Myst |       |       |       |    17 ||    17
       Sublimation of Bl |       |       |       |    11 ||    11
       Death Channel     |       |       |       |     1 ||     1
Invok: Channel Energy    |       |       |    37 |   105 ||   142
Evoke: Wand              |       |     7 |       |       ||     7
  Use: Potion            |       |     9 |     3 |     4 ||    16
       Scroll            |       |     1 |     1 |     1 ||     3
 Stab: Sleeping          |     1 |     2 |     1 |     1 ||     5
       Distracted        |       |       |       |     1 ||     1
  Eat: Chunk             |       |       |     6 |    26 ||    32
       Bread ration      |       |       |     1 |       ||     1
Armor: Robe              |       |    11 |    16 |    26 ||    53
Dodge: Dodged            |     2 |    40 |   120 |   120 ||   282
